 Dungeon Crawl Stone Soup version 0.30-a0-883-g5ad918d77d (webtiles) character file.

Game seed: 13373000870514733454

516 gelatine the Chopper (level 7, -5/52 HPs)
             Began as a Demonspawn Gladiator on Mar 18, 2023.
             Slain by a gnoll
             ... wielding a +0 halberd
              (12 damage)
             ... on level 4 of the Dungeon.
             The game lasted 00:09:39 (3571 turns).

gelatine the Chopper (Demonspawn Gladiator)         Turns: 3571, Time: 00:09:39

Health: -5/52      AC:  6    Str: 14 (15) XL:     7   Next: 0%
Magic:  9/9        EV: 13    Int:  4 (6)  God:
Gold:   153        SH:  0    Dex: 28 (29) Spells: 9/9 levels left

rFire   + + +      SeeInvis +    a - +0 war axe
rCold   . . .      Faith    .    (no shield)
rNeg    . . .      Spirit   .    s - +1 ring mail of the Blizzard {Harm Rampage rF+++ Int-2}
rPois   .          Reflect  .    (helmet restricted)
rElec   .          Rampage  +    (no cloak)
rCorr   .          Harm     + .  (no gloves)
Will    +....                    (no boots)
Stlth   ++++                     (no amulet)
HPRegen 0.28/turn                k - +6 ring of dexterity
MPRegen 0.11/turn                e - ring of see invisible

@: no status effects
A: antennae 1, thin skeletal structure 2, agile 1, strong-willed 1, mutation
resistance 1
a: no special abilities


You were on level 4 of the Dungeon.
You visited 1 branch of the dungeon, and saw 4 of its levels.
You also visited: Sewer.

You collected 153 gold pieces.

Inventory:

Hand Weapons
 a - a +0 war axe (weapon)
Armour
 b - a +0 leather armour
 c - a +0 helmet
 s - the +1 ring mail of the Blizzard (worn) {Harm Rampage rF+++ Int-2}
   (You found it on level 2 of the Dungeon)

   Int:       It affects your intelligence (-2).
   rF:        It renders you almost immune to fire.
   Harm:      It increases damage dealt and taken.
   Rampage:   It bestows one free step when moving towards enemies.
Jewellery
 e - a ring of see invisible (right hand)
 k - a +6 ring of dexterity (left hand)
 q - a ring of positive energy
Wands
 j - a wand of roots (8)
 y - a wand of mindburst (10)
Scrolls
 d - a scroll of blinking
 h - a scroll of poison {unknown}
 i - 2 scrolls of teleportation {unknown}
 m - 3 scrolls of noise {unknown}
 n - a scroll of identify
 p - a scroll of magic mapping {unknown}
 v - a scroll of vulnerability {unknown}
 z - a scroll of immolation {unknown}
 B - a scroll of enchant weapon {unknown}
 C - a scroll of acquirement {unknown}
 E - 2 scrolls of fog {unknown}
Potions
 f - a potion of resistance
 g - a potion of invisibility
 l - a potion of heal wounds
 o - 4 potions of curing
 r - a potion of lignification
 t - a potion of brilliance
 u - a potion of berserk rage
 A - 4 potions of cancellation {unknown}


   Skills:
 * Level 3.0 Fighting
 * Level 4.7 Axes
 * Level 3.1 Throwing
 * Level 2.0 Armour
 * Level 3.5 Dodging
 * Level 1.8 Stealth
 * Level 1.5 Spellcasting


You had 9 spell levels left.
You didn't know any spells.
Your spell library contained the following spells:

 Spells                   Type           Power      Damage    Failure   Level
 Gell's Gravitas          Tloc           0%         N/A       96%         3
 Teleport Other           Tloc           0%         N/A       96%         3
 Dispersal                Tloc           0%         N/A       100%        6


Dungeon Overview and Level Annotations

Branches:
Dungeon (4/15)              Sewer (visited)
 Temple: D:4-7

Altars:
Kikubaaqudgha
Vehumet


Innate Abilities, Weirdness & Mutations

You have a pair of small antennae on your head.
You have a moderately thin skeletal structure. (Dex +4, Stealth++)
You are agile. (Dex +4, Str/Int -1)
You are strong-willed. (Will+)
You are somewhat resistant to further mutation.


Message History

You completely miss the gnoll.
The goblin shouts!
You punch the gnoll.
You kill the gnoll!
You hear a shout! x2
You rampage towards the goblin!
A gnoll comes into view. It is wielding a +0 spear.
Found a dagger.
You barely miss the goblin. The goblin misses you.
A gnoll comes into view. It is wielding a +0 halberd.
You closely miss the goblin. The goblin closely misses you.
The gnoll barely misses you.
A gnoll comes into view. It is wielding a +0 flail.
The gnoll shouts!
You hit the goblin.
The goblin is heavily wounded.
The goblin hits you with a +0 short sword.
The gnoll hits you from afar with a +0 halberd!
The goblin hits you but does no damage.
The gnoll hits you but does no damage. x2
You closely miss the goblin.
The goblin is heavily wounded.
The goblin closely misses you. The gnoll misses you.
The gnoll completely misses you.
You hit the goblin.
You kill the goblin!
The gnoll closely misses you. The gnoll barely misses you.
You rampage towards the gnoll!
You slash the gnoll!
You kill the gnoll!
You hit the gnoll. The gnoll hits you with a +0 halberd.
You have reached level 7!
You hit the gnoll but do no damage.
The gnoll is moderately wounded.
You hit the gnoll but do no damage. The gnoll hits you with a +0 flail.
* * * LOW HITPOINT WARNING * * *
The gnoll hits you with a +0 halberd!
* * * LOW HITPOINT WARNING * * *
The gnoll misses you. The gnoll closely misses you.
It was a potion of mutation.
You feel extremely strange.
You feel strong-willed.
You feel agile.
You feel genetically stable. The gnoll barely misses you.
The gnoll hits you with a +0 halberd!
You die...

#.#......##### #.......
#.#..........## #....>..
##########..### ########
#...... ##...####.....<
#...... ###....#......
#...... ####.#......
#...... #######........
#......###..............
#.....g@)..#######...[..
#.....g##### #######
#...... # #)..... #
#...... #######


You could see 2 gnolls.

Vanquished Creatures
  A black bear (D:4)
  A kobold brigand (Sewer)
  2 scorpions (D:4)
  An orc wizard (D:3)
  2 gnolls (D:4)
  7 adders
  2 river rats (Sewer)
  5 worms
  3 dart slugs
  3 orcs (D:3)
  6 ball pythons
  11 bats
  5 endoplasms
  4 giant cockroaches
  12 goblins
  8 hobgoblins
  3 jackals (D:1)
  8 kobolds
  4 quokkas
  3 frilled lizards (D:2)
  8 rats
99 creatures vanquished.

Notes
Turn   | Place    | Note
-------+----------+-------------------------------------------
     0 | D:1      | gelatine the Demonspawn Gladiator began the quest for the
                  | Orb.
     0 | D:1      | Reached XP level 1. HP: 16/16 MP: 1/1
   148 | D:1      | Gained mutation: You have a somewhat thin skeletal
                  | structure. (Dex +2, Stealth+) [demonic ancestry]
   148 | D:1      | Reached XP level 2. HP: 18/22 MP: 2/2
   174 | D:1      | Reached skill level 3 in Axes
   602 | D:1      | Found a faded altar of an unknown god.
   755 | D:1      | Gained mutation: You have a pair of small antennae on your
                  | head. [demonic ancestry]
   755 | D:1      | Reached XP level 3. HP: 27/27 MP: 3/3
  1421 | D:2      | Found a radiant altar of Vehumet.
  1480 | D:2      | Identified the +1 ring mail of the Blizzard {Harm Rampage
                  | rF+++ Int-2}
  1728 | D:2      | Reached XP level 4. HP: 33/33 MP: 4/4
  1988 | D:3      | Reached skill level 1 in Stealth
  2094 | D:3      | Reached skill level 1 in Armour
  2117 | D:3      | Found an ancient bone altar of Kikubaaqudgha.
  2570 | D:4      | Noticed a black bear
  2583 | D:4      | Killed a black bear
  2584 | D:4      | Reached skill level 4 in Axes
  2584 | D:4      | Reached XP level 5. HP: 18/39 MP: 4/6
  2694 | D:4      | Found a glowing drain.
  2709 | Sewer    | Entered a sewer
  2726 | Sewer    | Reached skill level 1 in Spellcasting
  2726 | Sewer    | Gained mutation: You have a moderately thin skeletal
                  | structure. (Dex +4, Stealth++) [demonic ancestry]
  2726 | Sewer    | Reached XP level 6. HP: 37/46 MP: 7/7
  3570 | D:4      | Reached XP level 7. HP: 20/52 MP: 9/9
  3571 | D:4      | Gained mutation: You are strong-willed. (Will+) [potion of
                  | mutation]
  3571 | D:4      | Gained mutation: You are agile. (Dex +4, Str/Int -1)
                  | [potion of mutation]
  3571 | D:4      | Gained mutation: You are somewhat resistant to further
                  | mutation. [potion of mutation]
  3571 | D:4      | Slain by a gnoll

Illustrated notes

Levels and vault maps discovered:
D:1:      dpeg_arrival_morbid_curiosity, layout_basic,
          ebering_ecumenical_altar_ruins
D:2:      layout_loops_ring, basic_altar
D:3:      layout_rooms, mainiacjoe_overflow_chevrons
D:4:      layout_rooms, portal_sewer_entry_f

Skill      XL: |  1  2  3  4  5  6 |
---------------+-------------------+-----
Axes           | 3 4 |  4.7
Dodging        | 3 |  3.5
Throwing       | 2 3 |  3.1
Stealth        | 1 |  1.8
Armour         | 1 2 |  2.0
Spellcasting   | 1 |  1.5
Fighting       | 3 |  3.0

Action                     |  1- 3 |  4- 6 |  7- 9 || total
---------------------------+-------+-------+-------++-------
  Melee: War axe           |   100 |   153 |     1 ||   254
         Punch             |     1 |     2 |       ||     3
  Throw: Throwing net      |     4 |       |       ||     4
         Stone             |    36 |    11 |       ||    47
         Javelin           |    12 |       |       ||    12
         Dart              |       |    32 |       ||    32
    Use: Scroll            |       |     6 |       ||     6
         Potion            |       |     3 |     1 ||     4
   Stab: Held in net/web   |     1 |       |       ||     1
         Sleeping          |     6 |       |       ||     6
         Distracted        |       |     1 |       ||     1
 Armour: Leather armour    |    34 |       |       ||    34
         Ring mail         |     2 |    61 |       ||    63
  Dodge: Dodged            |    76 |   108 |     3 ||   187

Table legend: (Time is in decaauts)
 A = Elapsed time spent in this place.
 B = Non-inter-level travel time spent in this place.
 C = Inter-level travel time spent in this place.
 D = Time resting spent in this place.
 E = Time spent auto-exploring this place.
 F = Levels seen in this place.
 G = Mean time per level.
                   A        B        C        D        E       F      G
               +--------+--------+--------+--------+--------+-----+--------+
         Total |   3744 |   3703 |     41 |      0 |   2706 |   5 |  748.8 |
       Dungeon |   3180 |   3139 |     41 |      0 |   2367 |   4 |  795.0 |
         Sewer |    564 |    564 |      0 |      0 |    339 |   1 |  564.0 |
               +--------+--------+--------+--------+--------+-----+--------+

Top non-repeatable levels by time:
     D:1: 1047 daAuts
     D:2: 829 daAuts
     D:3: 746 daAuts
   Sewer: 564 daAuts
     D:4: 556 daAuts
